 Dungeon Crawl Stone Soup version 0.30-a0-691-g754fce4c43 (webtiles) character file.

Game seed: 13343840528824819474

9 drugrobin the Sneak (level 1, -2/18 HPs)
             Began as a Demigod Delver on Jan 20, 2023.
             Shot with an arrow by a centaur (7 damage)
             ... on level 5 of the Dungeon.
             The game lasted 00:01:12 (203 turns).

drugrobin the Sneak (Demigod Delver)                 Turns: 203, Time: 00:01:13

Health: -2/18      AC:  3    Str: 13    XL:     1   Next: 93%
Magic:  3/3        EV: 11    Int: 12    God:
Gold:   13         SH:  0    Dex: 15    Spells: 0/0 levels left

rFire   . . .      SeeInvis .      - Unarmed
rCold   . . .      Faith    .    (no shield)
rNeg    . . .      Spirit   .    a - +0 leather armour
rPois   .          Reflect  .    (no helmet)
rElec   .          Harm     .    (no cloak)
rCorr   .          Rampage  .    (no gloves)
Will    .....                    (no boots)
Stlth   +++                      (no amulet)
HPRegen 0.23/turn                (no ring)
MPRegen 0.08/turn                (no ring)

@: weakened, hasted, very quick
A: high MP 1, forlorn, divine attributes
a: no special abilities


You were on level 5 of the Dungeon.
You visited 1 branch of the dungeon, and saw 2 of its levels.

You collected 13 gold pieces.

Inventory:

Armour
 a - a +0 leather armour (worn)
Wands
 f - a wand of digging (2)
Scrolls
 b - a scroll of fog
 d - a scroll of fear


   Skills:
 - Level 2.6 Fighting
 - Level 1.7 Dodging
 - Level 4.5 Stealth
 + Level 2.5 Unarmed Combat


You couldn't memorise any spells.
You didn't know any spells.
Your spell library was empty.

Dungeon Overview and Level Annotations

Branches:
Dungeon (6/15)
 Temple: D:4-7

Annotations:
D:5 exclusions: adder and necrophage, Prince Ribbit


Innate Abilities, Weirdness & Mutations

You have an increased reservoir of magic. (+10% MP)
You shall have no god before yourself.
Your divine heritage dramatically boosts your attributes as you level up.


Message History

Unknown command.
Unknown command.
As you read the scroll of magic mapping, it crumbles to dust.
You feel aware of your surroundings.
You sensed 1 altar.
Unknown command.
Unknown command.
Unknown command.
Unknown command.
Unknown command.
Unknown command.
Unknown command.
Unknown command.
Unknown command.
Found a stone staircase leading up.
The gnoll bouda gazes fiercely through you!
You feel your attacks grow feeble.
Unknown command.
Unknown command.
Unknown command.
The gnoll bouda attacks as you move away!
The gnoll bouda barely misses you.
Unknown command.
Unknown command.
Unknown command.
Unknown command.
The gnoll bouda attacks as you move away!
The gnoll bouda hits you with a +0 whip.
* * * LOW HITPOINT WARNING * * *
The gnoll bouda gazes fiercely through you!
You feel as though you will be weak longer.
Unknown command.
Unknown command.
Unknown command.
Unknown command.
You feel yourself speed up. The gnoll bouda barely misses you.
A centaur comes into view.
The centaur shouts!
The centaur wields a +0 shortbow.
The centaur shoots an arrow.
The arrow hits you!
You die...

*******,,~,~,,***,,*,,*,,*,,*,,*,
*,,≈.≈,,**,,,*,*,,,,*,*,,**
**##*##,*≈.≈*,**,,,**,,,,,,**,,,,
,,..,..,,≈.≈,,,,,,,*,,,,,,,,*,,,*
,.(#*#.#*#.#*****,***,,,,,,***,,,
*#.# #.# #.# *,,*,,,,,,,,*,,,,
##.###.###.# *,,,,,,,,,,,,,,**
........##g########.#**,***,****
##........gg.ng.@...# *,* *,*
#..#...########.##<#**,* *,*
#..#.#.# #.#*,,,,,* *,* #....g.#
#c#***,*****,* #.##.### #.#
*,,,,,,,* #.##.# #.# *********
##>##.# #.# .#.##.# #.# .#g##.#
*,*


You could see a necrophage, a centaur, a gnoll bouda and 3 gnolls.

Vanquished Creatures
  A gnoll (D:6)
1 creature vanquished.

Notes
Turn   | Place    | Note
-------+----------+-------------------------------------------
     0 | D:5      | drugrobin the Demigod Delver began the quest for the Orb.
     0 | D:5      | Reached XP level 1. HP: 18/18 MP: 3/3
    21 | D:5      | Noticed a necrophage
    41 | D:5      | Noticed Prince Ribbit
    77 | D:5      | Noticed a gnoll bouda
   179 | D:6      | Noticed a water moccasin
   202 | D:5      | Noticed a centaur
   203 | D:5      | Shot with an arrow by a centaur

Illustrated notes

Levels and vault maps discovered:
D:5:      layout_loops_ring, nicolae_elyvilon_temple_path, nicolae_half_adder,
          uniq_prince_ribbit1
D:6:      layout_rooms, kennysheep_slug_shrine, temple_green, serial_shops,
          shop_fountains, hellmonk_ghost_happy_afterlife,
          nicolae_inconvenience_store, grunt_decor_one_mirror, uniq_edmund

Skill      XL: |  1 |
---------------+----+-----
Unarmed Combat | 2 |  2.5
Fighting       | |  2.6
Dodging        | |  1.7
Stealth        | |  4.5

Action                   || total
-------------------------++-------
Melee: Unarmed           ||     9
Evoke: Wand              ||     1
  Use: Scroll            ||     1
       Potion            ||     1
Armor: Leather armour    ||     1
Dodge: Dodged            ||    11

Table legend: (Time is in decaauts)
 A = Elapsed time spent in this place.
 B = Non-inter-level travel time spent in this place.
 C = Inter-level travel time spent in this place.
 D = Time resting spent in this place.
 E = Time spent auto-exploring this place.
 F = Levels seen in this place.
 G = Mean time per level.
                   A        B        C        D        E       F      G
               +--------+--------+--------+--------+--------+-----+--------+
         Total |    202 |    202 |      0 |     63 |     30 |   2 |  101.0 |
       Dungeon |    202 |    202 |      0 |     63 |     30 |   2 |  101.0 |
               +--------+--------+--------+--------+--------+-----+--------+

Top non-repeatable levels by time:
     D:5: 112 daAuts
     D:6: 90 daAuts
